Workbook

Sheet Year 1
A1: Company Name
A2: (Non-VAT)
A3: Year 1
A4: Income | B4: StartUp | C4: Month 1 | D4: Month 2 | E4: Month 3 | F4: Month 4 | G4: Month 5 | H4: Month 6 | I4: Month 7 | J4: Month 8 | K4: Month 9 | L4: Month 10 | M4: Month 11 | N4: Month 12 | O4: Total
A5: Sales | C5: 0 | D5: 0 | E5: 0 | F5: 0 | G5: 0 | H5: 0 | I5: 0 | J5: 0 | K5: 0 | L5: 0 | M5: 0 | N5: 0 | O5: =SUM(B5:N5) -> 0
A6: Capital Introduced | C6: 0 | D6: 0 | E6: 0 | F6: 0 | G6: 0 | H6: 0 | I6: 0 | J6: 0 | K6: 0 | L6: 0 | M6: 0 | N6: 0 | O6: =SUM(B6:N6) -> 0
A7: Funding | C7: 0 | D7: 0 | E7: 0 | F7: 0 | G7: 0 | H7: 0 | I7: 0 | J7: 0 | K7: 0 | L7: 0 | M7: 0 | N7: 0 | O7: =SUM(B7:N7) -> 0
A8: Loans/Borrowing | C8: 0 | D8: 0 | E8: 0 | F8: 0 | G8: 0 | H8: 0 | I8: 0 | J8: 0 | K8: 0 | L8: 0 | M8: 0 | N8: 0 | O8: =SUM(B8:N8) -> 0
A9: Total Income | B9: =SUM(B5:B8) -> 0 | C9: =SUM(C5:C8) -> 0 | D9: =SUM(D5:D8) -> 0 | E9: =SUM(E5:E8) -> 0 | F9: =SUM(F5:F8) -> 0 | G9: =SUM(G5:G8) -> 0 | H9: =SUM(H5:H8) -> 0 | I9: =SUM(I5:I8) -> 0 | ... O9: =SUM(O5:O8) -> 0
A11: Expenditure
A12: Company Registration | C12: 0 | D12: 0 | E12: 0 | F12: 0 | G12: 0 | H12: 0 | I12: 0 | J12: 0 | K12: 0 | L12: 0 | M12: 0 | N12: 0 | O12: =SUM(B12:N12) -> 0
A13: Rent/Rates | C13: 0 | D13: 0 | E13: 0 | F13: 0 | G13: 0 | H13: 0 | I13: 0 | J13: 0 | K13: 0 | L13: 0 | M13: 0 | N13: 0 | O13: =SUM(B13:N13) -> 0
A14: Staff Wages | C14: 0 | D14: 0 | E14: 0 | F14: 0 | G14: 0 | H14: 0 | I14: 0 | J14: 0 | K14: 0 | L14: 0 | M14: 0 | N14: 0 | O14: =SUM(B14:N14) -> 0
A15: Travel/Accomodation | C15: 0 | D15: 0 | E15: 0 | F15: 0 | G15: 0 | H15: 0 | I15: 0 | J15: 0 | K15: 0 | L15: 0 | M15: 0 | N15: 0 | O15: =SUM(B15:N15) -> 0
A16: Telephone (mobile) | C16: 0 | D16: 0 | E16: 0 | F16: 0 | G16: 0 | H16: 0 | I16: 0 | J16: 0 | K16: 0 | L16: 0 | M16: 0 | N16: 0 | O16: =SUM(B16:N16) -> 0
A17: Broadband | C17: 0 | D17: 0 | E17: 0 | F17: 0 | G17: 0 | H17: 0 | I17: 0 | J17: 0 | K17: 0 | L17: 0 | M17: 0 | N17: 0 | O17: =SUM(B17:N17) -> 0
A18: Utilities | C18: 0 | D18: 0 | E18: 0 | F18: 0 | G18: 0 | H18: 0 | I18: 0 | J18: 0 | K18: 0 | L18: 0 | M18: 0 | N18: 0 | O18: =SUM(B18:N18) -> 0
A19: Marketing and materials | C19: 0 | D19: 0 | E19: 0 | F19: 0 | G19: 0 | H19: 0 | I19: 0 | J19: 0 | K19: 0 | L19: 0 | M19: 0 | N19: 0 | O19: =SUM(B19:N19) -> 0
A20: Insurance | C20: 0 | D20: 0 | E20: 0 | F20: 0 | G20: 0 | H20: 0 | I20: 0 | J20: 0 | K20: 0 | L20: 0 | M20: 0 | N20: 0 | O20: =SUM(B20:N20) -> 0
A21: Capital Expenditure/Equipment | C21: 0 | D21: 0 | E21: 0 | F21: 0 | G21: 0 | H21: 0 | I21: 0 | J21: 0 | K21: 0 | L21: 0 | M21: 0 | N21: 0 | O21: =SUM(B21:N21) -> 0
A22: Training & Development | C22: 0 | D22: 0 | E22: 0 | F22: 0 | G22: 0 | H22: 0 | I22: 0 | J22: 0 | K22: 0 | L22: 0 | M22: 0 | N22: 0 | O22: =SUM(B22:N22) -> 0
A23: Accounting/Legal | C23: 0 | D23: 0 | E23: 0 | F23: 0 | G23: 0 | H23: 0 | I23: 0 | J23: 0 | K23: 0 | L23: 0 | M23: 0 | N23: 0 | O23: =SUM(B23:N23) -> 0
... A28: Loans Repayments | C28: 0 | D28: 0 | E28: 0 | F28: 0 | G28: 0 | H28: 0 | I28: 0 | J28: 0 | K28: 0 | L28: 0 | M28: 0 | N28: 0 | O28: =SUM(B28:N28) -> 0
A30: Total expenditure | B30: =SUM(B12:B28) -> 0 | C30: =SUM(C13:C28) -> 0 | D30: =SUM(D13:D28) -> 0 | E30: =SUM(E13:E28) -> 0 | F30: =SUM(F13:F28) -> 0 | G30: =SUM(G13:G28) -> 0 | H30: =SUM(H13:H28) -> 0 | I30: =SUM(I13:I28) -> 0 | J30: =SUM(J13:J28) -> 0 | ... N30: =SUM(N13:N28) -> 0 | O30: =SUM(O12:O28) -> 0
N32: Profit/Loss: | O32: =O9-O30 -> 0

Sheet P&L
A1: Company Name
A3: Profit & Loss Account (excluding VAT)
A4: INCOME | B4: Year 1
A5: ='Year 1'!A5 -> Sales | B5: ='Year 1'!O5 -> 0
A6: ='Year 1'!A6 -> Capital Introduced | B6: ='Year 1'!O6 -> 0
A7: ='Year 1'!A7 -> Funding | B7: ='Year 1'!O7 -> 0
A8: ='Year 1'!A8 -> Loans/Borrowing | B8: ='Year 1'!O8 -> 0
A9: ='Year 1'!A9 -> Total Income | B9: =SUM(B5:B8) -> 0
A11: EXPENDITURE
A12: ='Year 1'!A12 -> Company Registration | B12: ='Year 1'!O12 -> 0
A13: ='Year 1'!A13 -> Rent/Rates | B13: ='Year 1'!O13 -> 0
A14: ='Year 1'!A14 -> Staff Wages | B14: ='Year 1'!O14 -> 0
A15: ='Year 1'!A15 -> Travel/Accomodation | B15: ='Year 1'!O15 -> 0
A16: ='Year 1'!A16 -> Telephone (mobile) | B16: ='Year 1'!O16 -> 0
A17: ='Year 1'!A17 -> Broadband | B17: ='Year 1'!O17 -> 0
A18: ='Year 1'!A18 -> Utilities | B18: ='Year 1'!O18 -> 0
A19: ='Year 1'!A19 -> Marketing and materials | B19: ='Year 1'!O19 -> 0
A20: ='Year 1'!A20 -> Insurance | B20: ='Year 1'!O20 -> 0
A21: ='Year 1'!A21 -> Capital Expenditure/Equipment | B21: ='Year 1'!O21 -> 0
A22: ='Year 1'!A22 -> Training & Development | B22: ='Year 1'!O22 -> 0
A23: ='Year 1'!A23 -> Accounting/Legal | B23: ='Year 1'!O23 -> 0
... A28: ='Year 1'!A28 -> Loans Repayments | B28: ='Year 1'!O28 -> 0
A29: Total Expenditure | B29: =SUM(B12:B28) -> 0
A30: Profit/Loss: | B30: =B9-B29 -> 0
